 Dungeon Crawl Stone Soup version 0.31-a0-1-g4198be8af4 (webtiles) character file.

Game seed: 1260480805850206664

22402 NinjaNoafa the Victor of a Thousand Battles (level 12, 0/101 HPs)
             Began as an Armataur Fighter on May 2, 2023.
             Was the Champion of Okawaru.
             Shot with an arrow by a centaur warrior (4 damage)
             ... on level 14 of the Dungeon.
             The game lasted 00:47:23 (14074 turns).

NinjaNoafa the Victor of a Thousand Battles (AtFi) Turns: 14074, Time: 00:47:24

Health: 0/101      AC: 16    Str: 24    XL:     12   Next: 62%
Magic:  20/20      EV: 10    Int: 15    God:    Okawaru [******]
Gold:   401        SH:  0    Dex: 15    Spells: 11/11 levels left

rFire   . . .        a - +9 halberd "Zesolexo" {distort, rC+ Int+5 Dex+4}
rCold   + . .        (shield currently unavailable)
rNeg    . . .        e - +3 plate armour
rPois   +            (no helmet)
rElec   .            v - scarf {repulsion}
rCorr   .            B - +1 pair of gloves {hurl}
SInv    .            (no barding)
Will    .....        c - amulet of faith Stlth
                     Q - ring of poison resistance
HPRegen 0.36/turn    H - +5 ring of evasion
MPRegen 0.17/turn

%: repel missiles, roll, faith
@: about to teleport
A: large, rugged brown scales 3, deformed body, armoured tail, roll, long
tongue, awkward tongue
a: Renounce Religion, Heroism, Finesse, Duel


You were on level 14 of the Dungeon.
You worshipped Okawaru.
Okawaru was exalted by your worship.
You visited 2 branches of the dungeon, and saw 15 of its levels.
You also visited: Bailey.

You collected 1282 gold pieces.
You spent 881 gold pieces at shops.

Inventory:

Hand Weapons
 a - the +9 halberd "Zesolexo" (weapon) {distort, rC+ Int+5 Dex+4}
   (You found it on level 9 of the Dungeon)

   Int:       It affects your intelligence (+5).
   Dex:       It affects your dexterity (+4).
   rC:        It protects you from cold.
 b - the +9 lance "Wyrmbane" {slay drac, rPois rF+ rC+ AC+3}
   (You took it off Maggie on level 6 of the Dungeon)

   AC:        It affects your AC (+3).
   rF:        It protects you from fire.
   rC:        It protects you from cold.
   rPois:     It protects you from poison.
Missiles
 g - 30 poisoned darts (quivered)
 u - a datura-tipped dart
 w - a curare-tipped dart
 E - 8 boomerangs
Armour
 e - a +3 plate armour (worn)
 v - a scarf of repulsion (worn)
 B - a +1 pair of gloves of hurling (worn)
Jewellery
 c - an amulet of faith (around neck)
 C - a +6 ring of strength
 H - a +5 ring of evasion (right hand)
 Q - a ring of poison resistance (left hand)
Wands
 d - a wand of mindburst (4)
 r - a wand of flame (42)
 A - a wand of charming (8)
 G - a wand of digging (3)
 J - a wand of polymorph (4)
Scrolls
 h - 5 scrolls of magic mapping
 j - 4 scrolls of fear
 k - 6 scrolls of enchant weapon
 l - 2 scrolls of amnesia
 m - 8 scrolls of teleportation
 o - 2 scrolls of brand weapon
 x - 3 scrolls of poison
 y - 2 scrolls of enchant armour
 z - a scroll of vulnerability {unknown}
 I - a scroll of butterflies {unknown}
 K - 2 scrolls of fog {unknown}
 M - a scroll of blinking {unknown}
 O - 2 scrolls of acquirement {unknown}
 P - a scroll of noise
 R - a scroll of immolation {unknown}
 S - a scroll of torment
Potions
 f - a potion of magic
 i - 4 potions of attraction
 n - 6 potions of curing
 p - a potion of cancellation
 q - 3 potions of haste
 s - 4 potions of brilliance
 t - a potion of resistance
 D - a potion of invisibility
 F - 3 potions of mutation
 L - 2 potions of flight
 N - 2 potions of might
Miscellaneous
 V - a condenser vane


   Skills:
 + Level 5.9 Fighting
 - Level 9.5 Maces & Flails
 + Level 10.3 Polearms
 + Level 7.5 Armour
 - Level 4.0 Shields
 - Level 11.0 Invocations
 + Level 4.4 Evocations


You had 11 spell levels left.
You didn't know any spells.
Your spell library contained the following spells:

 Spells                   Type           Power      Damage    Failure   Level
 Apportation              Tloc           0%         N/A       98%         1
 Beastly Appendage        Tmut           0%         N/A       98%         1
 Necrotise                Necr           0%         1d4       98%         1
 Static Discharge         Conj/Air       0%         2-2/arc   99%         2
 Wereblood                Tmut           0%         N/A       99%         2
 Dazzling Flash           Conj/Hex       0%         N/A       100%        3
 Spider Form              Tmut/Pois      0%         N/A       100%        3
 Vampiric Draining        Necr           0%         2d6       100%        3
 Volatile Blastmotes      Fire/Tloc      0%         2d10      100%        3
 Airstrike                Air            0%         2d(0-16)  100%        4
 Iskenderun's Mystic Bla  Conj/Tloc      0%         2d3       100%        4
 Petrify                  Tmut/Erth      0%         N/A       100%        4
 Agony                    Necr           0%         N/A       100%        5
 Fireball                 Conj/Fire      0%         3d3       100%        5
 Iskenderun's Battlesphe  Conj           0%         2d6       100%        5
 Metabolic Englaciation   Hex/Ice        0%         N/A       100%        5
 Conjure Ball Lightning   Conj/Air       0%         3x3d6     100%        6
 Iron Shot                Conj/Erth      0%         9d1       100%        6
 Starburst                Conj/Fire      0%         6d3       100%        6
 Statue Form              Tmut/Erth      0%         N/A       100%        6
 Orb of Destruction       Conj           0%         9d5       100%        7
 Summon Small Mammal      Summ           Unusable   N/A       N/A         1
 Summon Lightning Spire   Summ/Air       Unusable   N/A       N/A         4
 Spellforged Servitor     Conj/Summ      Unusable   N/A       N/A         7

Dungeon Overview and Level Annotations

Branches:
Dungeon (14/15)            Temple (1/1) D:6            Lair (0/5) D:11
    Orc (0/2) D:9          Bailey (visited)
 Vaults: D:13-14

Altars:
Ashenzari
Cheibriados
Dithmenos
Elyvilon
Fedhas
Gozag
Hepliaklqana
Kikubaaqudgha
Makhleb
Nemelex Xobeh
Okawaru
Qazlal
Ru
Sif Muna
Trog
Uskayaw
Vehumet
Wu Jian
Xom
Yredelemnul
Zin
The Shining One

Shops:
D:6 *   D:11 [[*[   D:12 :

Annotations:
D:5 1 runed translucent door, ytrimaz's ghost, novice GnFi


Innate Abilities, Weirdness & Mutations

You are completely covered in rugged brown scales. (AC +3, +7% HP)
Armour fits poorly on your strangely shaped body.
You have a long armoured tail.
You roll when moving toward enemies. (Rampage)
Your long tongue fully drains potion bottles. (2x potion effects)
Your tongue gives you trouble enunciating. (1.5x scroll delay)


Message History

A centaur comes into view.
The centaur wields a +0 shortbow.
The centaur shoots an arrow.
The arrow closely misses you.
The centaur shoots an arrow.
The arrow hits you but does no damage.
The centaur moves out of view.
A centaur warrior comes into view.
As you slowly read the scroll of teleportation, it crumbles to dust.
You feel strangely unstable.
A centaur comes into view.
The tengu warrior hits you with a +0 battleaxe.
* * * LOW HITPOINT WARNING * * *
The tengu warrior barely misses you. The tengu warrior claws you.
* * * LOW HITPOINT WARNING * * *
The tengu conjurer barely misses you. The tengu conjurer closely misses you.
The tengu conjurer barely misses you.
The centaur wields a +0 shortbow.
The centaur shoots an arrow.
The arrow hits you.
* * * LOW HITPOINT WARNING * * *
The tengu conjurer hits you but does no damage.
The tengu conjurer pecks you but does no damage.
The tengu conjurer closely misses you.
The tengu warrior hits you with a +0 battleaxe.
* * * LOW HITPOINT WARNING * * *
The tengu warrior closely misses you. The tengu warrior claws you.
* * * LOW HITPOINT WARNING * * *
You hear a shout!
Unknown command.
Unknown command.
Unknown command.
The tengu warrior attacks as you move away!
The tengu warrior hits you with a +0 battleaxe!!
* * * LOW HITPOINT WARNING * * *
The tengu warrior pecks you but does no damage.
The tengu warrior claws you but does no damage.
The centaur wields a +0 shortbow.
The centaur shoots an arrow.
The arrow barely misses you.
The centaur shoots an arrow.
The arrow closely misses you.
The centaur warrior wields a +2 shortbow of flaming.
It bursts into flame!
The centaur warrior shoots an arrow.
The arrow hits you!
* * * LOW HITPOINT WARNING * * *
The arrow burns you.
You die...

###.# .....
##.## ###. #...#
#.>.# #...#
#...#
#...#######
#.........#.
####..@####....
........Q.......
........Q.......
................
###.#.........#.
#.#...#.##.... #
#..c#.# ####
#.c.#c# #... .#


You could see a tengu warrior, a centaur warrior, a tengu conjurer and 2
centaurs.

Vanquished Creatures
  Kirke (D:12)
  A hydra (D:13)
  3 boulder beetles
  Pikel (D:5)
  An orc knight (Bailey)
  An ugly thing (D:13)
  3 cyclopes
  Maurice (D:8)
  A gargoyle (D:12)
  3 unseen horrors
  A kobold demonologist (D:11)
  Maggie (D:6)
  2 komodo dragons (D:11)
  2 trolls
  3 meliai (D:13)
  Prince Ribbit (D:7)
  2 vampires (D:11)
  3 wraiths
  2 slime creatures (D:13)
  3 wyverns
  9 yaks
  2 shadows
  Eustachio (D:5)
  4 hogs
  3 humans (D:12)
  A basilisk (D:11)
  6 vampire mosquitoes (D:12)
  2 steam dragons
  An acid dragon (D:12)
  3 water moccasins
  2 sky beasts
  15 orc warriors
  2 ice beasts (D:7)
  4 centaurs
  A lemure (D:5)
  A kobold brigand (D:3)
  Blork the orc (D:6)
  A bullfrog (D:7)
  A gnoll sergeant (D:6)
  3 scorpions (D:5)
  12 wights
  17 killer bees
  7 howler monkeys
  10 electric eels (D:10)
  2 hounds
  2 jellies
  7 orc priests (D:9)
  A sleepcap (D:3)
  Natasha (thrice) (D:4)
  6 iguanas
  14 orc wizards
  A hound zombie (D:3)
  A hound skeleton (D:3)
  A mummy (D:4)
  13 gnolls
  10 adders
  A howler monkey skeleton (D:3)
  3 white imps
  2 ufetubi
  An adder zombie (D:3)
  An adder skeleton (D:3)
  2 worms (D:3)
  A dart slug (D:1)
  36 orcs
  5 ball pythons
  5 bats
  12 endoplasms
  5 giant cockroaches
  5 goblins
  8 hobgoblins
  10 jackals
  3 quokkas
  A ball python skeleton (D:3)
  A ball python zombie (D:3)
  6 frilled lizards
  A hobgoblin zombie (D:4)
  14 kobolds
  A kobold zombie (D:4)
  2 orc zombies (D:4)
  6 rats
338 creatures vanquished.

Vanquished Creatures (others)
  3 plants (D:10)
3 creatures vanquished.

Grand Total: 341 creatures vanquished

Notes
Turn   | Place    | Note
-------+----------+-------------------------------------------
     0 | D:1      | NinjaNoafa the Armataur Fighter began the quest for the
                  | Orb.
     0 | D:1      | Reached XP level 1. HP: 19/19 MP: 1/1
   115 | D:1      | Reached XP level 2. HP: 23/26 MP: 2/2
   588 | D:1      | Reached XP level 3. HP: 29/32 MP: 3/3
  1022 | D:2      | Identified the +0 ring mail of the Untouchables {Harm
                  | Dex+2}
  1299 | D:2      | Reached XP level 4. HP: 11/39 MP: 4/4
  1529 | D:3      | Found a sparkling altar of Nemelex Xobeh.
  1669 | D:3      | Reached XP level 5. HP: 32/48 MP: 5/5
  1785 | D:3      | Found a faded altar of an unknown god.
  1832 | D:3      | Identified the +1 whip "Ruloe" {protect, rPois Int+3}
  1864 | D:3      | Reached skill level 5 in Armour
  1864 | D:3      | Reached XP level 6. HP: 21/55 MP: 6/6
  2118 | D:3      | Found an iron altar of Okawaru.
  2295 | D:4      | Found a burning altar of Makhleb.
  2295 | D:4      | Noticed Natasha
  2301 | D:4      | Killed Natasha
  2337 | D:4      | Noticed Natasha
  2347 | D:4      | Killed Natasha
  2598 | D:4      | Noticed Natasha
  2609 | D:4      | Killed Natasha
  2662 | D:5      | Entered Level 5 of the Dungeon
  2743 | D:3      | Became a worshipper of Warmaster Okawaru
  2868 | D:5      | Reached skill level 5 in Maces & Flails
  2933 | D:5      | Noticed a water moccasin
  2964 | D:5      | Killed a water moccasin
  2965 | D:5      | Reached XP level 7. HP: 40/63 MP: 7/7
  3050 | D:5      | Reached * piety under Okawaru
  3165 | D:5      | Noticed Pikel
  3165 | D:5      | Noticed Eustachio
  3187 | D:5      | Killed Pikel
  3187 | D:5      | Reached ** piety under Okawaru
  3188 | D:5      | Reached XP level 8. HP: 45/70 MP: 8/8
  3275 | D:5      | Killed Eustachio
  3604 | D:5      | Found a glowing silver altar of Zin.
  3857 | D:5      | Found a runed translucent door.
  3857 | D:5      | Noticed ytrimaz's ghost (novice GnFi)
  3879 | D:5      | Reached skill level 1 in Invocations
  4111 | D:6      | Found Mena's Assorted Antiques.
  4126 | D:6      | Bought a steel ring for 120 gold pieces
  4129 | D:6      | Bought a white potion for 21 gold pieces
  4129 | D:6      | Bought a brown potion for 21 gold pieces
  4129 | D:6      | Bought a scroll labelled LIGOIX VOXISAWN for 24 gold pieces
  4150 | D:6      | Found a staircase to the Ecumenical Temple.
  4198 | Temple   | Entered the Ecumenical Temple
  4285 | D:6      | Reached skill level 2 in Invocations
  4296 | D:6      | Noticed Maggie
  4309 | D:6      | Killed Maggie
  4309 | D:6      | Reached *** piety under Okawaru
  4310 | D:6      | Reached skill level 3 in Invocations
  4310 | D:6      | Reached XP level 9. HP: 43/75 MP: 9/11
  4313 | D:6      | Reached skill level 4 in Invocations
  4741 | D:6      | Reached skill level 1 in Polearms
  4741 | D:6      | Reached skill level 5 in Invocations
  4875 | D:6      | Noticed Blork the orc
  4882 | D:6      | Killed Blork the orc
  4887 | D:6      | Found a glowing golden altar of the Shining One.
  5155 | D:7      | Reached **** piety under Okawaru
  5156 | D:7      | Reached skill level 6 in Invocations
  5449 | D:7      | Reached skill level 5 in Polearms
  5486 | D:7      | Found a hide-covered altar of Uskayaw.
  5489 | D:7      | Noticed Prince Ribbit
  5504 | D:7      | Killed Prince Ribbit
  5543 | D:7      | Reached XP level 10. HP: 83/83 MP: 14/14
  5972 | D:8      | Reached ***** piety under Okawaru
  6274 | D:8      | Found a sacrificial altar of Ru.
  6275 | D:8      | Found an ancient bone altar of Kikubaaqudgha.
  6276 | D:8      | Found a bloodstained altar of Trog.
  6276 | D:8      | Found a blossoming altar of Fedhas.
  6278 | D:8      | Noticed Maurice
  6291 | D:8      | Killed Maurice
  6443 | D:8      | Found a shadowy altar of Dithmenos.
  6996 | D:9      | Found a flagged portal.
  7034 | D:9      | Received a gift from Okawaru
  7060 | D:9      | Reached skill level 7 in Invocations
  7147 | D:9      | Identified the +9 halberd "Zesolexo" {distort, rC+ Int+5
                  | Dex+4}
  7165 | Bailey   | Entered a bailey
  7256 | Bailey   | Noticed an orc knight
  7269 | Bailey   | Killed an orc knight
  7270 | Bailey   | Reached skill level 8 in Invocations
  7286 | Bailey   | Reached XP level 11. HP: 56/89 MP: 17/17
  7327 | Bailey   | Found a large runed translucent door.
  7327 | Bailey   | Found a large runed translucent door.
  7329 | Bailey   | Noticed a deep elf zephyrmancer
  7482 | Bailey   | Banished a deep elf zephyrmancer
  7507 | Bailey   | Identified the staff of death "Axin" {rN+ Str+4 Int+4}
  7773 | D:9      | Found a staircase to the Orcish Mines.
  8093 | D:10     | Entered Level 10 of the Dungeon
  8313 | D:10     | Found a shimmering blue altar of Sif Muna.
  8367 | D:10     | Received a gift from Okawaru
  8541 | D:10     | Reached skill level 9 in Invocations
  9535 | D:11     | Found Unaown's Magic Scroll Boutique.
  9540 | D:11     | Found Ciapek's Antique Armour Boutique.
  9544 | D:11     | Bought a scroll of noise for 14 gold pieces
  9544 | D:11     | Bought a scroll of identify for 28 gold pieces
  9544 | D:11     | Bought a scroll of identify for 28 gold pieces
  9544 | D:11     | Bought a scroll of fear for 56 gold pieces
  9544 | D:11     | Bought a scroll of torment for 133 gold pieces
  9544 | D:11     | Bought a scroll of magic mapping for 105 gold pieces
  9674 | D:6      | Bought a potion of curing for 72 gold pieces
  9674 | D:6      | Bought a potion of curing for 72 gold pieces
 10276 | D:11     | Received a gift from Okawaru
 10377 | D:11     | Found Owuwkef's Armour Shop.
 10402 | D:11     | Found Pohay's General Store.
 10410 | D:11     | Bought a scroll of identify for 34 gold pieces
 10410 | D:11     | Bought a potion of heal wounds for 85 gold pieces
 10410 | D:11     | Bought a scroll of fear for 68 gold pieces
 10455 | D:11     | Found Pecsuter's Antique Armour Shop.
 10778 | D:11     | Reached skill level 10 in Invocations
 11235 | D:11     | Found a staircase to the Lair.
 11389 | D:12     | Found Bofishre's Vocational Training.
 11391 | D:12     | Reached skill level 11 in Invocations
 11641 | D:12     | Reached skill level 1 in Evocations
 11643 | D:12     | Reached ****** piety under Okawaru
 11686 | D:12     | Reached XP level 12. HP: 77/98 MP: 20/20
 11880 | D:12     | Noticed Kirke
 12306 | D:12     | Killed Kirke
 12306 | D:12     | Received a gift from Okawaru
 12455 | D:12     | Noticed a boulder beetle
 12467 | D:12     | Killed a boulder beetle
 12468 | D:12     | Reached skill level 5 in Fighting
 12611 | D:12     | Reached skill level 10 in Polearms
 12875 | D:13     | Noticed a centaur warrior
 12875 | D:13     | Noticed a four-headed hydra
 12899 | D:13     | Banished a centaur warrior
 12923 | D:13     | Killed an eight-headed hydra
 13447 | D:13     | Noticed a boulder beetle
 13457 | D:13     | Killed a boulder beetle
 13762 | D:14     | Noticed a centaur warrior
 13847 | D:14     | Noticed a centaur warrior
 13850 | D:14     | Noticed a death knight
 13854 | D:14     | Noticed a vault guard
 13865 | D:14     | Noticed a boulder beetle
 13870 | D:14     | HP: 3/101 [boulder beetle (13)]
 13875 | D:14     | Killed a boulder beetle
 13875 | D:14     | Identified the +1 spear of Irritation {elec, rElec Str+3
                  | Int-4 Dex+5} (Okawaru gifted it to you on level 14 of the
                  | Dungeon)
 13875 | D:14     | Received a gift from Okawaru
 14065 | D:14     | Noticed a catoblepas
 14072 | D:14     | Noticed a tengu warrior
 14073 | D:14     | Noticed a centaur warrior
 14074 | D:14     | HP: 4/101 [centaur warrior/arrow (10)]
 14074 | D:14     | Shot with an arrow by a centaur warrior

Illustrated notes

Levels and vault maps discovered:
D:1:      roderic_chinese_lattice_arrival, layout_basic,
          hangedman_abyss_or_decor_stabs, hex_large, minmay_domino_4
D:2:      layout_rooms, corexii_item_surrounded_by_moat
D:3:      cheibrodos_thug_alley, layout_rooms, nicolae_overflow_hidden_temple,
          lemuel_round_altar, basic_ecumenical_altar, serial_undead,
          serial_undead_d, serial_undead_c, serial_undead_f, serial_undead_a,
          nrook_mini_backslash
D:4:      layout_basic, bloody_makhleb, hangedman_decor_slide_cut,
          minmay_mini_ossuary, uniq_natasha
D:5:      layout_loops_corners, lemuel_round_altar, gammafunk_ghost_grave,
          st_stairs_6, uniq_pikel, uniq_eustachio
D:6:      layout_loops_ring, nicolae_tso_carved_into_rock,
          minmay_temple_entry_large_hall, serial_shops, shop_statue,
          uniq_maggie, uniq_blork_the_orc
D:7:      layout_loops_ring, mainiacjoe_overflow_catwalk, uniq_prince_ribbit1
D:8:      layout_gridville, kennysheep_mini_moat,
          chequers_temple_overflow_statue_of_worship, uniq_maurice
D:9:      layout_rooms, erik_orc_3, enter_bailey_2, serial_corexii_hall,
          corexii_hall_statues_x, chequers_hall_statues_wall_a, minmay_holes
D:10:     layout_irregular_city, amcnicky_altar_gilded, chequers_big_river,
          water_maze_lemuel
D:11:     layout_gridville, erik_lair_dragon, serial_shops,
          nicolae_stop_n_shop_2, shop, nicolae_square_shop, shop, shop,
          st_stairs_10
D:12:     layout_cave_pods, nicolae_shop_vocational, uniq_kirke
D:13:     layout_basic
D:14:     layout_loops_cross, david_vaults_5, minmay_splitting_lines, drop_trap
Temple:   hellmonk_temple_rainy

Skill      XL: |  1  2  3  4  5  6  7  8  9 10 11 12 |
---------------+-------------------------------------+-----
Maces & Flails | 2 3 4 5 8 9 |  9.5
Armour         | 4 5 7 |  7.5
Fighting       | 3 4 5 |  5.9
Shields        | 4 |  4.0
Invocations    | 3 6 8 11 | 11.0
Polearms       | 5 8 9 10 | 10.3
Evocations     | 1 4 |  4.4

Action                     |  1- 3 |  4- 6 |  7- 9 | 10-12 || total
---------------------------+-------+-------+-------+-------++-------
  Melee: Flail             |   108 |   136 |       |       ||   244
         Tailslap          |     7 |    34 |    40 |    74 ||   155
         Whip              |       |   120 |   244 |    35 ||   399
         Lance             |       |       |   122 |   127 ||   249
         Halberd           |       |       |       |   342 ||   342
         Unarmed           |       |       |       |     2 ||     2
  Throw: Dart              |       |       |       |    22 ||    22
  Evoke: Wand              |       |     5 |       |    19 ||    24
         Condenser vane    |       |       |       |     1 ||     1
    Use: Scroll            |     5 |     2 |     3 |    17 ||    27
         Potion            |       |     1 |     5 |     9 ||    15
   Stab: Invisible         |       |       |       |     7 ||     7
 Armour: Scale mail        |    64 |   146 |    10 |       ||   220
         Plate armour      |       |       |   182 |   343 ||   525
  Dodge: Dodged            |    45 |   105 |   105 |   348 ||   603
         Repelled          |       |       |       |     3 ||     3
  Block: Buckler           |    29 |    54 |    68 |    30 ||   181

Table legend: (Time is in decaauts)
 A = Elapsed time spent in this place.
 B = Non-inter-level travel time spent in this place.
 C = Inter-level travel time spent in this place.
 D = Time resting spent in this place.
 E = Time spent auto-exploring this place.
 F = Levels seen in this place.
 G = Mean time per level.
                   A        B        C        D        E       F      G
               +--------+--------+--------+--------+--------+-----+--------+
         Total |  14041 |  12864 |   1177 |   2292 |   7207 |  16 |  877.6 |
       Dungeon |  13625 |  12462 |   1163 |   2269 |   7060 |  14 |  973.2 |
        Temple |     27 |     13 |     14 |      0 |      9 |   1 |   27.0 |
        Bailey |    388 |    388 |      0 |     23 |    138 |   1 |  388.0 |
               +--------+--------+--------+--------+--------+-----+--------+

Top non-repeatable levels by time:
    D:10: 1892 daAuts
     D:5: 1328 daAuts
    D:11: 1259 daAuts
    D:12: 1173 daAuts
     D:8: 1045 daAuts
    D:13: 1025 daAuts
     D:7: 997 daAuts
     D:1: 989 daAuts
     D:9: 927 daAuts
     D:6: 883 daAuts
     D:3: 861 daAuts
     D:4: 545 daAuts
     D:2: 449 daAuts
  Bailey: 388 daAuts
    D:14: 245 daAuts
